 Dungeon Sprint DCSS version 0.27-a0-1202-ge72e49191c (webtiles) character file.

Game seed: 5329403573752482837

1671 night the Geomancer (level 8, -1/64 (67) HPs)
             Began as a Troll Earth Elementalist on June 3, 2021.
             Was the Champion of Jiyva.
             Slain by a vault guard
             ... wielding a +2 great mace
              (9 damage)
             ... in the Dungeon (Sprint V: "Ziggurat Sprint").
             The game lasted 00:05:44 (291 turns).

night the Geomancer (Troll Earth Elementalist)       Turns: 291, Time: 00:05:44

HP:   -1/64 (67)    AC: 14    Str: 29    XL:     8   Next: 70%
MP:   16/18         EV:  2    Int: 13    God:    Jiyva [******]
Gold: 0             SH: 13    Dex: 12    Spells: 21/22 levels left

rFire    + . .     SeeInvis .     - Unarmed
rCold    + . .     Faith    .   j - +3 kite shield
rNeg     . . .     Spirit   .   a - +5 gold dragon scales
rPois    +         Reflect  .   (helmet restricted)
rElec    .         Harm     .   (no cloak)
rCorr    +         Rampage  .   (gloves unavailable)
Will     .....     NoTele   +   (boots unavailable)
Stlth    ..........             (no amulet)
HPRegen  0.00/turn              C - +6 ring of strength
MPRegen  0.16/turn              D - +6 ring of strength

@: mildly diseased, lightly drained
A: large, unfitting armour, claws 3, regeneration 2, shaggy fur 1, tough skin 1,
antennae 2, thin skeletal structure 1, eyeballs 1, gelatinous body 1, pseudopods
1, jelly absorbing missiles
a: Renounce Religion, Request Jelly, Slimify, Cure Bad Mutation


You were in the Dungeon.
You worshipped Jiyva.
Jiyva was exalted by your worship.
You visited 1 branch

Inventory:

Missiles
 b - 30 stones
Armour
 a - +5 gold dragon scales (worn)
 c - a +0 robe
 j - a +3 kite shield (worn)
 F - a +3 tower shield
Jewellery
 n - a +6 ring of intelligence
 x - a ring of flight
 y - a +6 ring of dexterity
 z - a +6 ring of dexterity
 A - a +6 ring of intelligence
 B - a +6 ring of intelligence
 C - a +6 ring of strength (left claw)
 D - a +6 ring of strength (right claw)
 G - the ring "Piepacw" {Fly rPois rN+ rCorr}
   (You found it in the Dungeon)

   [ring of flight]

   It protects you from poison.
   It protects you from negative energy.
   It grants you flight.
   It protects you from acid and corrosion.
 H - the amulet "Egriunie" {Regen+ Int-4 Dex+4 Slay+3 SInv}
   (You found it in the Dungeon)

   [amulet of regeneration]

   It affects your intelligence (-4).
   It affects your dexterity (+4).
   It affects your accuracy and damage with ranged weapons and melee attacks
   (+3).
   It lets you see invisible.
   It increases your rate of health regeneration.
 I - the ring "Oruobb" {rPois Will+ Dex+3 Slay+2}
   (You found it in the Dungeon)

   [ring of poison resistance]

   It affects your dexterity (+3).
   It affects your accuracy and damage with ranged weapons and melee attacks
   (+2).
   It protects you from poison.
   It increases your willpower.
 J - the ring of Toavos {*Corrode rC+ rN++ Int+4 Dex+6}
   (You found it in the Dungeon)

   [ring of dexterity]

   It affects your intelligence (+4).
   It affects your dexterity (+6).
   It protects you from cold.
   It greatly protects you from negative energy.
   It may corrode you when you take damage.
 K - a +4 ring of protection
Wands
 u - a wand of mindburst (7)
 v - a wand of iceblast (6)
 w - a wand of acid (7)
Scrolls
 i - 4 scrolls of blinking
 p - 4 scrolls of amnesia
 q - 7 scrolls of fog
 r - a scroll of holy word
 s - 5 scrolls of identify
 t - 2 scrolls of fear
Potions
 d - 10 potions of curing
 e - 10 potions of heal wounds
 f - 6 potions of haste
 g - 7 potions of magic
 h - 3 potions of berserk rage
 k - 2 potions of brilliance
 l - 2 potions of invisibility
 m - 4 potions of resistance
 o - 5 potions of might
Miscellaneous
 E - a lightning rod (1/4)
 L - a tin of tremorstones (2/2)


   Skills:
 - Level 1.5 Dodging
 - Level 1.0 Stealth
 + Level 3.8 Shields
 + Level 8.8 Unarmed Combat
 + Level 7.9 Spellcasting
 - Level 0.6 Transmutations
 + Level 11.2 Earth Magic


You had 21 spell levels left.
You knew the following spells:

 Your Spells              Type           Power      Damage    Failure   Level
a - Sandblast             Erth           68%        2d15      30%         1

Your spell library contained the following spells:

 Spells                   Type           Power      Damage    Failure   Level
 Passwall                 Tmut/Erth      16%        N/A       99%         2
 Freeze                   Ice            20%        1d4       100%        1
 Sting                    Tmut/Pois      20%        1d4       100%        1
 Ensorcelled Hibernation  Hex/Ice        10%        N/A       100%        2
 Frozen Ramparts          Ice            10%        1d3       100%        3
 Ozocubu's Armour         Ice            5%         N/A       100%        3
 Stone Arrow              Conj/Erth      38%        3d9       100%        3
 Hailstorm                Conj/Ice       5%         3d4       100%        4
 Ice Form                 Ice/Tmut       5%         N/A       100%        4
 Petrify                  Tmut/Erth      20%        N/A       100%        4
 Lee's Rapid Deconstruct  Erth           17%        3d11*     100%        5
 Yara's Violent Unravell  Hex/Tmut       2%         3d3       100%        5
 Freezing Cloud           Conj/Ice/Air   2%         6-21      100%        6


Dungeon Overview and Level Annotations

Branches:
Dungeon (1/1)

Altars:
Ashenzari
Cheibriados
Dithmenos
Elyvilon
Fedhas
Gozag
Hepliaklqana
Kikubaaqudgha
Makhleb
Nemelex Xobeh
Okawaru
Qazlal
Ru
Sif Muna
Trog
Uskayaw
Vehumet
Wu Jian
Xom
Yredelemnul
Zin
The Shining One
Beogh
Jiyva
Lugonu

Annotations:
D 1 transporter


Innate Abilities, Weirdness & Mutations

You are too large for most types of armour.
You have claws for hands.
You heal very quickly.
You are covered in fur. (AC +1)
You have tough skin. (AC +1)
You have a pair of antennae on your head.
You have a somewhat thin skeletal structure. (Dex +2, Stealth+)
Your body has grown golden eyes which may confuse attackers. (Acc +3)
Your rubbery body absorbs attacks. (AC +1, EV +1)
Armour fits poorly on your pseudopods.
You have a small jelly attached to you that may absorb incoming projectiles.


Message History

The vault warden hits you from afar with a +1 antimagic glaive!
You feel your power leaking away.
That's the wrong kind of item! (Use * to select it.) Evoke which item? (* to show all) (? for menu, Esc to quit)
Aiming: Thunderbolt
Press: ? - help, Shift-Dir - straight line The thunderbolt hits the vault guard!
The vault guard is moderately wounded.
The thunderbolt hits the ironbound convoker.
The ironbound convoker is lightly wounded.
The thunderbolt hits the vault warden.
The vault warden is lightly wounded.
The thunderbolt hits the vault guard!
The vault guard is heavily wounded.
The thunderbolt hits the vault guard!
The vault guard is moderately wounded.
The thunderbolt hits the yaktaur!
The yaktaur is heavily wounded.
You block the vault guard's attack.
You hear a distant slurping noise.
Jiyva appreciates your sacrifice.
You feel your power returning.
You feel better. The vault warden completely misses you.
You claw the vault guard!
The vault guard is heavily wounded.
The vault guard hits you with a +2 great mace!
You hear a distant slurping noise.
You feel better.
The ironbound convoker hits you from afar with a +1 trident of freezing!
The ironbound convoker freezes you.
The vault warden hits you from afar with a +1 antimagic glaive.
You feel your power leaking away. You block the vault guard's attack.
The vault guard hits you with a +3 short sword of draining!!
* * * LOW HITPOINT WARNING * * *
You shudder from the blow and a jelly pops out!
You feel drained.
* * * LOW HITPOINT WARNING * * *
The vault guard hits you with a +2 great mace!
You die...

▓▓▓▓▓▓▓▓▓
▓..8©8..▓
∆∆
▓..):|..▓
∆
▓..)|=..▓
▓.......▓
▓.......▓
▓..ppc..▓
▓....p..▓
▓.▓p@p▓.▓
▓...©J..▓
▓▓▓▓▓▓▓▓▓


{{{{{ {{{{ You could see a vault warden, 3 vault guards, an ironbound convoker,
a yaktaur and a friendly acid blob (summoned).

Vanquished Creatures
  2 toenail golems (D)
  An ancient zyme (D)
  A bullfrog (D)
  An iguana (D)
  2 river rats (D)
  A shadow imp (D)
  An ufetubus (D)
  A bat skeleton (D)
10 creatures vanquished.

Vanquished Creatures (collateral kills)
  A death scarab (D)
  A toenail golem (D)
  An ushabti (D)
  3 mummies (D)
6 creatures vanquished.

Vanquished Creatures (others)
  A juggernaut (shapeshifter) (D)
  2 titans (shapeshifter) (D)
  An acid blob (shapeshifter) (D)
  A rockslime (shapeshifter) (D)
  An iron dragon (shapeshifter) (D)
  A fenstrider witch (shapeshifter) (D)
  A dire elephant (shapeshifter) (D)
  An eleionoma (shapeshifter) (D)
  An alligator (shapeshifter) (D)
  A goliath frog (shapeshifter) (D)
  An iron troll (shapeshifter) (D)
  A deep troll (shapeshifter) (D)
  2 glowing orange brains (shapeshifter) (D)
  2 lindwurms (shapeshifter) (D)
  A harpy (shapeshifter) (D)
  2 shining eyes (shapeshifter) (D)
  2 guardian serpents (shapeshifter) (D)
  2 moths of wrath (shapeshifter) (D)
  A manticore (shapeshifter) (D)
  An elephant (shapeshifter) (D)
  2 black mambas (shapeshifter) (D)
  A torpor snail (shapeshifter) (D)
  An unseen horror (shapeshifter) (D)
  A cane toad (shapeshifter) (D)
  A rime drake (shapeshifter) (D)
  2 yaktaurs (shapeshifter) (D)
  A merfolk (shapeshifter) (D)
  A polar bear (shapeshifter) (D)
  A wind drake (shapeshifter) (D)
  2 slime creatures (shapeshifter) (D)
  2 trolls (shapeshifter) (D)
  3 dream sheep (shapeshifter) (D)
  A yak (D)
  2 basilisks (shapeshifter) (D)
  A swamp worm (shapeshifter) (D)
  2 floating eyes (shapeshifter) (D)
  A bullfrog (shapeshifter) (D)
  6 jellies (D)
  An iron imp (D)
58 creatures vanquished.

Grand Total: 74 creatures vanquished

Notes
Turn   | Place    | Note
-------+----------+-------------------------------------------
     0 | D        | night the Troll Earth Elementalist began the quest for the
                  | Orb.
     0 | D        | Reached XP level 1. HP: 16/16 MP: 1/1
    12 | D        | Found a blossoming altar of Fedhas.
    13 | D        | Found the +6 Majin-Bo {vamp, MP+6 Int+6}
    13 | D        | Found the +9 heavy crossbow "Sniper" {vorpal, Acc+∞ SInv}
    13 | D        | Found the +10 dark maul {vorpal}
    13 | D        | Found the +15 Maxwell's patent armour {-Cast -Tele rElec
                  | Will+ rCorr}
    13 | D        | Found the +18 shield of the Gong {rElec rN+ Will+ EV-5}
    13 | D        | Found the +14 obsidian axe {vorpal, Drain Fly SInv}
    13 | D        | Found the +7 great mace "Firestarter" {inner flame, rF++}
    13 | D        | Found the +6 shillelagh "Devastator" {shatter}
    13 | D        | Found the +11 plutonium sword {Contam Stlth-}
    13 | D        | Found the +8 lance "Wyrmbane" {slay drac, rPois rF+ rC+
                  | AC+3}
    13 | D        | Found the +9 sword of Zonguldrok {reap}
    13 | D        | Found the +13 scythe of Curses {drain, Drain}
    13 | D        | Found the +5 sword of Power {vorpal}
    13 | D        | Found the +7 mace of Variability {chain chaos}
    13 | D        | Found the +7 Singing Sword {vorpal, sonic wave}
    13 | D        | Found the +8 storm bow {elec, penet}
    20 | D        | Found a shimmering blue altar of Sif Muna.
    20 | D        | Found a sacrificial altar of Ru.
    20 | D        | Found a bloodstained altar of Trog.
    20 | D        | Found a stormy altar of Qazlal.
    20 | D        | Found an iron altar of Okawaru.
    20 | D        | Found a sparkling altar of Nemelex Xobeh.
    22 | D        | Found a transporter.
    22 | D        | Found an ancient bone altar of Kikubaaqudgha.
    22 | D        | Found a viscous altar of Jiyva.
    22 | D        | Found a corrupted altar of Lugonu.
    22 | D        | Found a hazy altar of Hepliaklqana.
    22 | D        | Found a burning altar of Makhleb.
    22 | D        | Found an opulent altar of Gozag.
    48 | D        | Became a worshipper of Jiyva Jomaxtor the Shapeless
    48 | D        | Reached * piety under Jiyva
    48 | D        | Reached ** piety under Jiyva
    48 | D        | Reached *** piety under Jiyva
    48 | D        | Gained mutation: Your movements are slightly less
                  | encumbered by armour. (ER -2) [Jiyva's grace]
    48 | D        | Killed a manticore
    48 | D        | Reached **** piety under Jiyva
    48 | D        | Gained mutation: You are somewhat resistant to further
                  | mutation. [Jiyva's grace]
    48 | D        | Reached ***** piety under Jiyva
    48 | D        | Gained mutation: Your translucent skin slightly reduces
                  | your foes' accuracy. (Stealth+) [Jiyva's grace]
    48 | D        | Gained mutation: You are partially covered in iridescent
                  | scales. (AC +2) [Jiyva's grace]
    48 | D        | Gained mutation: Armour fits poorly on your pseudopods.
                  | [Jiyva's grace]
    48 | D        | Reached ****** piety under Jiyva
    48 | D        | Gained mutation: You possess an exceptional clarity of
                  | mind. [Jiyva's grace]
    48 | D        | Gained mutation: Your magical capacity is low. (-10% MP)
                  | [Jiyva's grace]
    48 | D        | Lost mutation: You are partially covered in iridescent
                  | scales. (AC +2) [Jiyva's grace]
    48 | D        | Gained mutation: You have a small jelly attached to you
                  | that may absorb incoming projectiles. [Jiyva's grace]
    48 | D        | Gained mutation: Your translucent skin reduces your foes'
                  | accuracy. (Stealth+) [Jiyva's grace]
    48 | D        | Gained mutation: Your rubbery body absorbs attacks. (AC +1,
                  | EV +1) [Jiyva's grace]
    48 | D        | Lost mutation: Your movements are slightly less encumbered
                  | by armour. (ER -2) [Jiyva's grace]
    48 | D        | Gained mutation: Your body has grown golden eyes which may
                  | confuse attackers. (Acc +3) [Jiyva's grace]
    48 | D        | Lost mutation: Your body has grown golden eyes which may
                  | confuse attackers. (Acc +3) [Jiyva's grace]
    48 | D        | Lost mutation: Your magical capacity is low. (-10% MP)
                  | [Jiyva's grace]
    48 | D        | Gained mutation: You are partially covered in iridescent
                  | scales. (AC +2) [Jiyva's grace]
    49 | D        | Killed a slime creature
    50 | D        | Gained mutation: You passively map a small area around you.
                  | [Jiyva's grace]
    50 | D        | Lost mutation: You are partially covered in iridescent
                  | scales. (AC +2) [Jiyva's grace]
    50 | D        | Lost mutation: Armour fits poorly on your pseudopods.
                  | [Jiyva's grace]
    50 | D        | Gained mutation: Your body has grown golden eyes which may
                  | confuse attackers. (Acc +3) [Jiyva's grace]
    50 | D        | Lost mutation: Your rubbery body absorbs attacks. (AC +1,
                  | EV +1) [Jiyva's grace]
    50 | D        | Gained mutation: You have a pair of small horns on your
                  | head. [Jiyva's grace]
    50 | D        | Lost mutation: Your body has grown golden eyes which may
                  | confuse attackers. (Acc +3) [Jiyva's grace]
    51 | D        | Killed a juggernaut
    51 | D        | Lost mutation: You have a pair of small horns on your head.
                  | [Jiyva's grace]
    51 | D        | Killed a basilisk
    51 | D        | Gained mutation: You have a pair of small horns on your
                  | head. [Jiyva's grace]
    51 | D        | Gained mutation: You have a small jelly attached to you
                  | that senses nearby items. [Jiyva's grace]
    51 | D        | Lost mutation: You have a small jelly attached to you that
                  | may absorb incoming projectiles. [Jiyva's grace]
    51 | D        | Killed a fenstrider witch
    52 | D        | Killed a glowing orange brain
    52 | D        | Lost mutation: You have a small jelly attached to you that
                  | senses nearby items. [Jiyva's grace]
    52 | D        | Killed an elephant
    52 | D        | Lost mutation: You are somewhat resistant to further
                  | mutation. [Jiyva's grace]
    52 | D        | Gained mutation: You evolve. [Jiyva's grace]
    53 | D        | Killed a shining eye
    53 | D        | Killed a torpor snail
    53 | D        | Killed a merfolk
    53 | D        | Gained mutation: You sometimes lose the ability to read
                  | scrolls when taking damage. [Jiyva's grace]
    53 | D        | Gained mutation: Your mind is acute. (Int +2) [Jiyva's
                  | grace]
    53 | D        | Lost mutation: You evolve. [Jiyva's grace]
    53 | D        | Gained mutation: You are somewhat resistant to further
                  | mutation. [Jiyva's grace]
    53 | D        | Lost mutation: You are somewhat resistant to further
                  | mutation. [Jiyva's grace]
    54 | D        | Killed a bullfrog
    54 | D        | Killed a wind drake
    54 | D        | Gained mutation: You have large cloven feet. [Jiyva's
                  | grace]
    54 | D        | Lost mutation: Your mind is acute. (Int +2) [Jiyva's grace]
    54 | D        | Gained mutation: You evolve. [Jiyva's grace]
    55 | D        | Killed a floating eye
    55 | D        | Killed a shining eye
    55 | D        | Gained mutation: You are robust. (+10% HP) [Jiyva's grace]
    55 | D        | Killed a black mamba
    55 | D        | Gained mutation: Your melee attacks may engulf your foes in
                  | ooze. [Jiyva's grace]
    55 | D        | Killed a slime creature
    55 | D        | Gained mutation: Armour fits poorly on your pseudopods.
                  | [Jiyva's grace]
    56 | D        | Gained mutation: You have an increased reservoir of magic.
                  | (+10% MP) [Jiyva's grace]
    56 | D        | Lost mutation: You sometimes lose the ability to read
                  | scrolls when taking damage. [Jiyva's grace]
    56 | D        | Gained mutation: Your muscles are strong. (Str +2) [Jiyva's
                  | grace]
    56 | D        | Killed a glowing orange brain
    57 | D        | Killed a troll
    57 | D        | Killed an alligator
    57 | D        | Killed a swamp worm
    57 | D        | Lost mutation: You have a pair of small horns on your head.
                  | [Jiyva's grace]
    57 | D        | Lost mutation: Your translucent skin reduces your foes'
                  | accuracy. (Stealth+) [Jiyva's grace]
    57 | D        | Killed a dream sheep
    57 | D        | Gained mutation: Your rubbery body absorbs attacks. (AC +1,
                  | EV +1) [Jiyva's grace]
    57 | D        | Gained mutation: You are agile. (Dex +2) [Jiyva's grace]
    57 | D        | Gained mutation: You are covered in slimy tendrils that may
                  | disarm your opponents. [Jiyva's grace]
    57 | D        | Lost mutation: Your muscles are strong. (Str +2) [Jiyva's
                  | grace]
    57 | D        | Lost mutation: You are agile. (Dex +2) [Jiyva's grace]
    58 | D        | Lost mutation: You possess an exceptional clarity of mind.
                  | [Jiyva's grace]
    58 | D        | Gained mutation: Your muscles are strong. (Str +2) [Jiyva's
                  | grace]
    59 | D        | Killed a moth of wrath
    59 | D        | Lost mutation: You are covered in slimy tendrils that may
                  | disarm your opponents. [Jiyva's grace]
    59 | D        | Killed a cane toad
    60 | D        | Killed a polar bear
    60 | D        | Gained mutation: You have a considerably increased
                  | reservoir of magic. (+20% MP) [Jiyva's grace]
    60 | D        | Lost mutation: You are robust. (+10% HP) [Jiyva's grace]
    60 | D        | Killed an eleionoma
    61 | D        | Gained mutation: Your mind is acute. (Int +2) [Jiyva's
                  | grace]
    62 | D        | Killed a deep troll
    63 | D        | Killed a rockslime
    63 | D        | Gained mutation: You are strong-willed. (Will+) [Jiyva's
                  | grace]
    63 | D        | Killed a rime drake
    63 | D        | Killed a titan
    65 | D        | Lost mutation: You passively map a small area around you.
                  | [Jiyva's grace]
    65 | D        | Lost mutation: You have large cloven feet. [Jiyva's grace]
    66 | D        | Killed an unseen horror
    66 | D        | Lost mutation: Your translucent skin slightly reduces your
                  | foes' accuracy. (Stealth+) [Jiyva's grace]
    68 | D        | Killed a yaktaur
    71 | D        | Lost mutation: Your mind is acute. (Int +2) [Jiyva's grace]
    72 | D        | Gained mutation: You are highly strong-willed. (Will++)
                  | [Jiyva's grace]
    73 | D        | Gained mutation: Your mind is acute. (Int +2) [Jiyva's
                  | grace]
    74 | D        | Killed a lindwurm
    75 | D        | Killed a guardian serpent
    76 | D        | Reached XP level 2. HP: 24/24 MP: 3/3
    76 | D        | Killed a titan
    76 | D        | Killed a harpy
    78 | D        | Killed a dire elephant
    79 | D        | Lost mutation: Your rubbery body absorbs attacks. (AC +1,
                  | EV +1) [Jiyva's grace]
    79 | D        | Gained mutation: You are partially covered in iridescent
                  | scales. (AC +2) [Jiyva's grace]
    79 | D        | Gained mutation: You are agile. (Dex +2) [Jiyva's grace]
    80 | D        | Killed a black mamba
    81 | D        | Gained mutation: You rapidly evolve. [Jiyva's grace]
    81 | D        | Lost mutation: You are highly strong-willed. (Will++)
                  | [Jiyva's grace]
    81 | D        | Gained mutation: Your muscles are very strong. (Str +4)
                  | [Jiyva's grace]
    81 | D        | Lost mutation: Your melee attacks may engulf your foes in
                  | ooze. [Jiyva's grace]
    81 | D        | Gained mutation: You are resistant to electric shocks.
                  | (rElec) [Jiyva's grace]
    81 | D        | Gained mutation: Your melee attacks may engulf your foes in
                  | ooze. [Jiyva's grace]
    81 | D        | Gained mutation: Your system is resistant to poisons.
                  | (rPois) [Jiyva's grace]
    81 | D        | Gained mutation: Your translucent skin slightly reduces
                  | your foes' accuracy. (Stealth+) [Jiyva's grace]
    81 | D        | Lost mutation: Armour fits poorly on your pseudopods.
                  | [Jiyva's grace]
    83 | D        | Killed an iron dragon
    83 | D        | Gained mutation: You are very agile. (Dex +4) [Jiyva's
                  | grace]
    83 | D        | Lost mutation: You are very agile. (Dex +4) [Jiyva's grace]
    84 | D        | Killed a basilisk
    85 | D        | Killed a dream sheep
    87 | D        | Killed a goliath frog
    87 | D        | Killed an acid blob
    88 | D        | Killed a lindwurm
    90 | D        | Killed a moth of wrath
    90 | D        | Gained mutation: You are highly strong-willed. (Will++)
                  | [Jiyva's grace]
    91 | D        | Killed an iron troll
    92 | D        | Killed a yaktaur
    92 | D        | Lost mutation: Your melee attacks may engulf your foes in
                  | ooze. [Jiyva's grace]
    93 | D        | Gained mutation: Your spells are a little harder to cast,
                  | but a little more powerful. [Jiyva's grace]
    95 | D        | Killed a dream sheep
    96 | D        | Lost mutation: Your mind is acute. (Int +2) [Jiyva's grace]
    98 | D        | Lost mutation: Your translucent skin slightly reduces your
                  | foes' accuracy. (Stealth+) [Jiyva's grace]
   100 | D        | Lost mutation: Your muscles are very strong. (Str +4)
                  | [Jiyva's grace]
   105 | D        | Lost mutation: You are resistant to electric shocks.
                  | (rElec) [Jiyva's grace]
   108 | D        | Lost mutation: You are partially covered in iridescent
                  | scales. (AC +2) [Jiyva's grace]
   111 | D        | Gained mutation: Your flesh is heat resistant. (rF+)
                  | [Jiyva's grace]
   111 | D        | Killed a troll
   114 | D        | Lost mutation: Your spells are a little harder to cast, but
                  | a little more powerful. [Jiyva's grace]
   118 | D        | Gained mutation: Your muscles are very strong. (Str +4)
                  | [Jiyva's grace]
   120 | D        | Gained mutation: You have a small jelly attached to you
                  | that senses nearby items. [Jiyva's grace]
   123 | D        | Gained mutation: You have a small jelly attached to you
                  | that may absorb incoming projectiles. [Jiyva's grace]
   123 | D        | Lost mutation: Your flesh is heat resistant. (rF+) [Jiyva's
                  | grace]
   123 | D        | Lost mutation: Your muscles are very strong. (Str +4)
                  | [Jiyva's grace]
   128 | D        | Lost mutation: You rapidly evolve. [Jiyva's grace]
   132 | D        | Gained mutation: Your rubbery body absorbs attacks. (AC +1,
                  | EV +1) [Jiyva's grace]
   137 | D        | Lost mutation: You have a small jelly attached to you that
                  | senses nearby items. [Jiyva's grace]
   137 | D        | Lost mutation: You are agile. (Dex +2) [Jiyva's grace]
   145 | D        | Lost mutation: You have a considerably increased reservoir
                  | of magic. (+20% MP) [Jiyva's grace]
   149 | D        | Gained mutation: You have acidic saliva. [Jiyva's grace]
   152 | D        | Entered arena 2.
   152 | D        | Noticed a floating eye
   152 | D        | Found a transporter.
   156 | D        | Gained mutation: You rapidly evolve. [Jiyva's grace]
   158 | D        | Entered arena 3.
   158 | D        | Noticed a toenail golem
   158 | D        | Noticed a toenail golem
   158 | D        | Noticed a toenail golem
   158 | D        | Found a transporter.
   159 | D        | Gained mutation: Your muscles are very strong. (Str +4)
                  | [Jiyva's grace]
   163 | D        | Gained mutation: You are covered in slimy tendrils that may
                  | disarm your opponents. [Jiyva's grace]
   166 | D        | Killed a toenail golem
   167 | D        | Reached skill level 5 in Spellcasting
   167 | D        | Reached skill level 8 in Earth Magic
   167 | D        | Reached XP level 3. HP: 28/31 MP: 3/10
   167 | D        | Reached XP level 4. HP: 35/39 MP: 3/11
   167 | D        | Reached XP level 5. HP: 41/45 MP: 3/13
   167 | D        | Reached XP level 6. HP: 48/53 MP: 3/14
   167 | D        | Gained mutation: Your mind is acute. (Int +2) [Jiyva's
                  | grace]
   167 | D        | Killed a toenail golem
   168 | D        | Reached skill level 9 in Earth Magic
   168 | D        | Reached XP level 7. HP: 56/59 MP: 11/17
   171 | D        | Killed a toenail golem
   172 | D        | Reached skill level 10 in Earth Magic
   173 | D        | Lost mutation: Your mind is acute. (Int +2) [Jiyva's grace]
   174 | D        | Gained mutation: You are frail. (-10% HP) [Jiyva's grace]
   175 | D        | Lost mutation: You are highly strong-willed. (Will++)
                  | [Jiyva's grace]
   181 | D        | Lost mutation: You are frail. (-10% HP) [Jiyva's grace]
   184 | D        | Entered arena 4.
   184 | D        | Found a transporter.
   185 | D        | Lost mutation: You have a small jelly attached to you that
                  | may absorb incoming projectiles. [Jiyva's grace]
   190 | D        | Lost mutation: You have an increased reservoir of magic.
                  | (+10% MP) [Jiyva's grace]
   193 | D        | Got the ring "Piepacw" {Fly rPois rN+ rCorr}
   195 | D        | Lost mutation: Your rubbery body absorbs attacks. (AC +1,
                  | EV +1) [Jiyva's grace]
   196 | D        | Entered arena 5.
   196 | D        | Noticed an ancient zyme
   196 | D        | Noticed a golden eye
   196 | D        | Found a transporter.
   197 | D        | Found the +7 sceptre of Torment {pain, torment}
   200 | D        | Lost mutation: You have acidic saliva. [Jiyva's grace]
   205 | D        | Gained mutation: You have a pair of small antennae on your
                  | head. [Jiyva's grace]
   207 | D        | Gained mutation: Your flesh is cold resistant. (rC+)
                  | [Jiyva's grace]
   207 | D        | Lost mutation: You rapidly evolve. [Jiyva's grace]
   207 | D        | Gained mutation: You have a small jelly attached to you
                  | that may absorb incoming projectiles. [Jiyva's grace]
   208 | D        | Killed an ancient zyme
   208 | D        | Gained mutation: Your melee attacks may engulf your foes in
                  | ooze. [Jiyva's grace]
   209 | D        | Reached skill level 1 in Shields
   209 | D        | Reached XP level 8. HP: 67/67 MP: 18/18
   209 | D        | Gained mutation: You are resistant to electric shocks.
                  | (rElec) [Jiyva's grace]
   212 | D        | Lost mutation: You have a pair of small antennae on your
                  | head. [Jiyva's grace]
   212 | D        | Lost mutation: Your system is resistant to poisons. (rPois)
                  | [Jiyva's grace]
   214 | D        | Gained mutation: You have a pair of small antennae on your
                  | head. [Jiyva's grace]
   214 | D        | Gained mutation: Your mind is acute. (Int +2) [Jiyva's
                  | grace]
   218 | D        | Lost mutation: Your melee attacks may engulf your foes in
                  | ooze. [Jiyva's grace]
   219 | D        | Entered arena 6.
   219 | D        | Found a transporter.
   224 | D        | Lost mutation: Your muscles are very strong. (Str +4)
                  | [Jiyva's grace]
   224 | D        | Gained mutation: Your muscles are very strong. (Str +4)
                  | [Jiyva's grace]
   229 | D        | Reached skill level 2 in Shields
   230 | D        | Lost mutation: Your muscles are very strong. (Str +4)
                  | [Jiyva's grace]
   236 | D        | Gained mutation: You possess an exceptional clarity of
                  | mind. [Jiyva's grace]
   237 | D        | Gained mutation: Your melee attacks may engulf your foes in
                  | ooze. [Jiyva's grace]
   237 | D        | Lost mutation: You are covered in slimy tendrils that may
                  | disarm your opponents. [Jiyva's grace]
   238 | D        | Gained mutation: Armour fits poorly on your pseudopods.
                  | [Jiyva's grace]
   239 | D        | Lost mutation: You are resistant to electric shocks.
                  | (rElec) [Jiyva's grace]
   241 | D        | Lost mutation: Your flesh is cold resistant. (rC+) [Jiyva's
                  | grace]
   241 | D        | Gained mutation: You have a small jelly attached to you
                  | that senses nearby items. [Jiyva's grace]
   245 | D        | Got Fiaj's Tome of Ice
   247 | D        | Lost mutation: You possess an exceptional clarity of mind.
                  | [Jiyva's grace]
   248 | D        | Got the amulet "Egriunie" {Regen+ Int-4 Dex+4 Slay+3 SInv}
   251 | D        | Entered arena 7.
   251 | D        | Noticed a death scarab
   251 | D        | Gained mutation: Your translucent skin slightly reduces
                  | your foes' accuracy. (Stealth+) [Jiyva's grace]
   252 | D        | Lost mutation: Your translucent skin slightly reduces your
                  | foes' accuracy. (Stealth+) [Jiyva's grace]
   253 | D        | Lost mutation: You evolve. [Jiyva's grace]
   259 | D        | Lost mutation: Your melee attacks may engulf your foes in
                  | ooze. [Jiyva's grace]
   260 | D        | Killed a death scarab
   261 | D        | Reached skill level 11 in Earth Magic
   263 | D        | Gained mutation: You are partially covered in iridescent
                  | scales. (AC +2) [Jiyva's grace]
   265 | D        | Found a transporter.
   268 | D        | Lost mutation: You are partially covered in iridescent
                  | scales. (AC +2) [Jiyva's grace]
   272 | D        | Got the ring "Oruobb" {rPois Will+ Dex+3 Slay+2}
   274 | D        | Got the ring of Toavos {*Corrode rC+ rN++ Int+4 Dex+6}
   276 | D        | Gained mutation: You have a pair of antennae on your head.
                  | [Jiyva's grace]
   277 | D        | Lost mutation: Armour fits poorly on your pseudopods.
                  | [Jiyva's grace]
   278 | D        | Lost mutation: You are strong-willed. (Will+) [Jiyva's
                  | grace]
   279 | D        | Got Yrroumm's Almanac of Transmutation and Confrontation
   279 | D        | Gained mutation: You have a somewhat thin skeletal
                  | structure. (Dex +2, Stealth+) [Jiyva's grace]
   281 | D        | Gained mutation: Your rubbery body absorbs attacks. (AC +1,
                  | EV +1) [Jiyva's grace]
   283 | D        | Lost mutation: Your muscles are strong. (Str +2) [Jiyva's
                  | grace]
   283 | D        | Gained mutation: Your body has grown golden eyes which may
                  | confuse attackers. (Acc +3) [Jiyva's grace]
   285 | D        | Lost mutation: You have a small jelly attached to you that
                  | senses nearby items. [Jiyva's grace]
   285 | D        | Lost mutation: Your mind is acute. (Int +2) [Jiyva's grace]
   286 | D        | Entered arena 8.
   286 | D        | Noticed a vault guard
   286 | D        | Noticed a yaktaur
   286 | D        | Noticed a vault guard
   286 | D        | Noticed an ironbound convoker
   286 | D        | Noticed a vault guard
   286 | D        | Noticed a vault warden
   286 | D        | Gained mutation: You heal very quickly. [Jiyva's grace]
   287 | D        | Found a transporter.
   289 | D        | Gained mutation: Armour fits poorly on your pseudopods.
                  | [Jiyva's grace]
   291 | D        | HP: 9/67 [vault guard/+3 short sword of draining (30)]
   291 | D        | Killed a guardian serpent
   291 | D        | Slain by a vault guard

Illustrated notes

Levels and vault maps discovered:
D:        sprint_v [room_start, room_1, room_2, room_3, room_4, room_5, room_6,
          room_7, room_8, room_9, room_10, room_11, room_12, room_13, room_14,
          room_15, room_16, room_17, room_18, room_19, room_20, room_21,
          room_22, room_23, room_24, room_25, room_26, room_27]

Skill      XL: |  1  2  3  4  5  6  7  8 |
---------------+-------------------------+-----
Unarmed Combat | 7 8 |  8.8
Spellcasting   | 5 6 7 |  7.9
Earth Magic    | 8 9 10 11 | 11.2
Shields        | 1 3 |  3.8
Dodging        | |  1.5
Stealth        | |  1.0
Transmutations | |  0.6

Action                   |  1- 3 |  4- 6 |  7- 9 || total
-------------------------+-------+-------+-------++-------
Melee: Unarmed           |     4 |     1 |    42 ||    47
       Bite              |     2 |       |     1 ||     3
       Pseudopods        |       |       |     1 ||     1
Invok: Request Jelly     |     1 |       |     1 ||     2
Evoke: Lightning rod     |     1 |       |     3 ||     4
       Wand              |     1 |       |       ||     1
  Use: Potion            |     1 |       |       ||     1
Armor: Gold dragon scale |     3 |       |    42 ||    45
Dodge: Dodged            |     2 |       |     1 ||     3
Block: Kite shield       |     3 |       |    44 ||    47

Table legend: (Time is in decaauts)
 A = Elapsed time spent in this place.
 B = Non-inter-level travel time spent in this place.
 C = Inter-level travel time spent in this place.
 D = Time resting spent in this place.
 E = Time spent auto-exploring this place.
 F = Levels seen in this place.
 G = Mean time per level.
                   A        B        C        D        E       F      G
               +--------+--------+--------+--------+--------+-----+--------+
         Total |    307 |    307 |      0 |      0 |      0 |   1 |  307.0 |
       Dungeon |    307 |    307 |      0 |      0 |      0 |   1 |  307.0 |
               +--------+--------+--------+--------+--------+-----+--------+

Top non-repeatable levels by time:
       D: 307 daAuts
